 Dungeon Crawl Stone Soup version 0.19-a0-27-g415f530 (webtiles) character file.

28 Duffy the Chopper (level 3, -1/29 HPs)
             Began as a Demonspawn Fighter on May 1, 2016.
             Slain by an orc
             ... wielding a cursed -2 flail
              (2 damage)
             ... on level 3 of the Dungeon.
             The game lasted 00:01:06 (774 turns).

Duffy the Chopper (Demonspawn Fighter)               Turns: 774, Time: 00:01:07

Health: -1/29      AC: 10    Str: 16    XL:     3   Next: 0%
Magic:  3/3        EV:  6    Int:  9    God:
Gold:   52         SH:  8    Dex: 13    Spells: 0 memorised, 2 levels left

rFire  . . .     SeeInvis .     a - +0 war axe
rCold  . . .     Gourm    .     n - +0 chain mail
rNeg   . . .     Faith    .     c - +0 shield
rPois  .         Spirit   .     (no helmet)
rElec  .         Dismiss  .     (no cloak)
rCorr  .         Reflect  .     j - +0 pair of gloves {archery}
SustAt .         Harm     .     (no boots)
MR     .....                    (no amulet)
Stlth  ..........               (no ring)
                                (no ring)

@: lethally poisoned (-1 -> -2), not resistant to hostile enchantments,
extremely unstealthy
A: repulsion field 1, powered by death 1
a: no special abilities


You were on level 3 of the Dungeon.
You were not hungry.

You visited 1 branch of the dungeon, and saw 3 of its levels.

You collected 52 gold pieces.


Innate Abilities, Weirdness & Mutations

You are surrounded by a mild repulsion field (EV +2).
You regenerate a little health from kills.


   Skills:
 - Level 3.0 Fighting
 + Level 3.1 Axes
 - Level 2.6 Armour
 - Level 2.6 Shields


You had 2 spell levels left.
You didn't know any spells.

Inventory:

Hand Weapons
 a - a +0 war axe (weapon)
Missiles
 e - 5 tomahawks (quivered)
Armour
 b - a +0 scale mail
 c - a +0 shield (worn)
 j - a +0 pair of gloves of archery (worn)
 n - a +0 chain mail (worn)
Scrolls
 h - a scroll of remove curse {unknown}
 i - a scroll of teleportation {unknown}
Potions
 d - a potion of might
 g - a potion of degeneration {unknown}
 k - a potion of heal wounds {unknown}
 l - a potion of resistance {unknown}
Comestibles
 f - 2 bread rations
 m - a meat ration

Dungeon Overview and Level Annotations

Branches:
Dungeon (3/15)

Altars:
Dithmenos
Nemelex Xobeh


Message History

The adder is heavily wounded.
You feel sick. The adder bites you but does no damage.
You closely miss the adder.
The adder is heavily wounded.
The adder bites you but does no damage. The adder closely misses you.
Your chain mail prevents you from hitting the adder.
The adder is heavily wounded.
You feel sick. The adder barely misses you.
The adder bites you but does no damage.
An orc comes into view. It is wielding a flail.
Your shield and chain mail prevent you from hitting the adder.
The adder is heavily wounded.
The orc shouts!
The adder bites you but does no damage. x2
An orc comes into view. It is wielding a flail.
You miss the adder.
The adder is heavily wounded.
You feel sick.
The orc shouts!
The adder bites you but does no damage. x2
An orc comes into view. It is wielding a club.
You closely miss the adder.
The adder is heavily wounded.
The orc shouts!
The adder closely misses you. The adder bites you.
You closely miss the adder.
The adder is heavily wounded.
You feel sick. You block the adder's attack.
An orc comes into view.
Your shield and chain mail prevent you from hitting the adder.
The adder is heavily wounded.
You closely miss the orc.
The orc shouts!
The adder closely misses you. The adder barely misses you.
You block the orc's attack.
An orc comes into view. It is wielding a flail.
You closely miss the adder.
The adder is heavily wounded.
Your chain mail prevents you from hitting the orc.
You feel sick.
The orc shouts!
The adder bites you but does no damage. The orc hits you with a flail.
The adder bites you but does no damage. You block the orc's attack.
Your chain mail prevents you from hitting the adder.
The adder is heavily wounded.
You hit the orc.
The orc is moderately wounded.
You closely miss the orc. The adder bites you but does no damage.
The orc hits you with a flail.
You die...

###000##...#0 #
#.....##0.00.#...#.
#.###.....###000##.}.#0
.#.#.......####0###...##
...........########...##
...........########'''##
......................#.
.......S..............#.
.$.....@................
.......ooo.####.......##
.................#......
....#.....o.............
... #............##.....
.. #.......o..####.....
. #..........# #....#
............####....#
.......####..........#


You could see an adder and 5 orcs.

Action                   || total
-------------------------++-------
Melee: War axe           ||    89
Armor: Scale mail        ||    29
       Chain mail        ||    17
Dodge: Dodged            ||    25
Block: Shield            ||    61

Notes
Turn   | Place    | Note
--------------------------------------------------------------
     0 | D:1      | Duffy the Demonspawn Fighter began the quest for the Orb.
     0 | D:1      | Reached XP level 1. HP: 18/18 MP: 1/1
    36 | D:1      | Reached skill level 2 in Axes
   322 | D:1      | Gained mutation: You are surrounded by a mild repulsion field (EV +2). [demonic ancestry]
   322 | D:1      | Reached XP level 2. HP: 22/24 MP: 2/2
   628 | D:3      | Reached skill level 3 in Axes
   671 | D:3      | Found a shadowy altar of Dithmenos.
   675 | D:3      | Gained mutation: You regenerate a little health from kills. [demonic ancestry]
   675 | D:3      | Reached XP level 3. HP: 27/29 MP: 3/3
   699 | D:3      | Found a sparkling altar of Nemelex Xobeh.
   774 | D:3      | Slain by an orc

Skill      XL: |  1  2 |
---------------+-------+-----
Axes           | 2 3 |  3.1
Fighting       | |  3.0
Armour         | |  2.6
Shields        | |  2.6

Vault maps used:
D:1:      dpeg_chamrin_arrival_tetris
D:2:      minmay_overflow_temple_hex, ecumenical_altar_1
D:3:      elyvilon_altar_5, grunt_dithmenos_smoke, nemelex_altar_shiori

Vanquished Creatures
  An adder
  A dart slug
  An orc
  A ball python
  3 bats
  2 hobgoblins
  A kobold
  A quokka
  2 giant newts
  4 rats
17 creatures vanquished.
